Description

My timings are not crisp enough but I did my best to replicate the Build Order using Seracis notes. Feel free to pm me if you spot something that can be improved (or if I screwed up) so I can fix this entry.

Leading to the last parts of the build I'm sure you'll gonna have to fill the gaps by dropping Pylons and making Zealots in order to charge to battle with the maximum unit count you can afford by 7:20.


Credits to /u/seracis.

I merely ported the build here to practice. Keep up the good work.

VOD

https://www.twitch.tv/gsl/v/76518429?t=03h02m15s

Build Order

Get SALT Encoding   

  14  0:17  Pylon  
  16  0:38  Gateway  
  17  0:44  Assimilator  1/3 Saturation
  19  1:25  Nexus  
  20  1:35  Cybernetics Core  Saturate Gas 3/3
  21  1:42  Assimilator  
  22  1:50  Pylon  
  23  2:10  Warp Gate, Adept  @100% Cycore, @100% Cycore
  27  2:30  Stargate  @100% Cycore
  30  2:35  Zealot  @100% Adept
  34  2:50  Mothership Core  @100% Adept
  38  3:10  Oracle  
  42  3:20  Pylon  
  42  3:25  Gateway x2  
  42  3:35  Pylon  
  44  3:45  Oracle  @100% Stargate, Harrass with 'em
  50  4:00  Assimilator x2, Adept x2, Pylon  @100% Gates, @100% Gates
  56  4:10  Nexus  
  64  4:50  Forge, Twilight Council  Blink ASAP, +1 Weapons ASAP
  66  5:15  Robotics Facility  For Warp Prism
  68  5:25  Blink, Protoss Ground Weapons Level 1  
  70  5:30  Sentry x3, Gateway x3  
  78  5:50  Gateway x2  
  80  5:55  Sentry x3  
  86  6:00  Warp Prism  @100% Robo, Move out when ready
  88  6:10  Sentry x2  
  88  6:50  Stalker x8  When moving out warp just Stalkers
  110  7:20  Stalker x8  Upgrades should be done. Push forward!
Spawning Tool Build Advisor. Get it on Overwolf

Analysis

Use your oracles to scout and kill drones but DO NOT LOSE THEM! You will need them for detection or mass ling counter attacks. You can also commit to more adepts and attack with them and the oracle at the same time, to do more damage.

Dont attack into wide open areas. You may have many forcefields but you dont have to waste them.

Notice the many zealots Zest built! +1 Zealots deal excellently with lings and drones that would have surrounded him, they dont cost gas (that you need for the Stalkers) and they have a higher DPS than Adepts (remember: you dont have Glaives!)

Note: Oracle/Stargate openings are a bit weaker now due to the Queen/Spore buff but can still be effective if used correctly!


Credits to /u/seracis.

I merely ported the build here to practice. Keep up the good work.

Go to:

Details

  • Created by: OskO
  • Published on: Jul 10, 2016
  • Modified on: Jul 10, 2016
  • Patch: Pre-3.8.0
Show
View Real Time Build Order
Export as new Build Order

Comments (1)

On July 10, 2016, 4:39 p.m., Judicator  said:

This build is pretty good, but there are many zerg mixes what can destroy this unit composition very easy =|

Create an account to comment!